 Dungeon Crawl Stone Soup version 0.31-a0-1074-g0b22e4e0f1 (webtiles) character file.

Game seed: 4788689505393633740

0 lunkers the Ruffian (level 1, -1/16 HPs)
             Began as a Meteoran Shapeshifter on Nov 29, 2023.
             Slain by a kobold
             ... wielding a +0 short sword
              (4 damage)
             ... on level 1 of the Dungeon.
             The game lasted 00:00:18 (50 turns).

lunkers the Ruffian (Meteoran Shapeshifter)           Turns: 50, Time: 00:00:19

Health: -1/16      AC:  2    Str: 15    XL:     1   Next: 14%
Magic:  2/2        EV: 12    Int: 11    God:
Gold:   0          SH:  0    Dex: 13    Spells: 0/0 levels left

rFire   . .          .
                       - Unarmed
rCold   . . .        (no shield)
rNeg    . . .        a - +0 animal skin
rPois   .            (helmet currently unavailable)
rElec   .            (cloak currently unavailable)
rCorr   .            (gloves currently unavailable)
SInv    .            (boots currently unavailable)
Will    .....        (no amulet)
Stlth   +            (no ring)
HPRegen 0.22/turn    (no ring)
MPRegen 0.08/turn

%: no passive effects
@: beast-form, glowing
A: beast (slay +2), sense surroundings 1, otherworldly, glowing, explore regen
a: Begin Untransformation


You were on level 1 of the Dungeon.
You were a hulking beast.
You visited 1 branch of the dungeon, and saw 1 of its levels.

Inventory:

Armour
 a - a +0 animal skin (worn)
Talismans
 c - a beast talisman
 d - a flux talisman
Scrolls
 e - a scroll of teleportation {unknown}
Potions
 b - a potion of lignification


   Skills:
 - Level 1.1 Fighting
 - Level 2.1 Dodging
 * Level 3.6 Unarmed Combat
 + Level 3.6 Shapeshifting


You couldn't memorise any spells.
You didn't know any spells.
Your spell library was empty.

Dungeon Overview and Level Annotations

Branches:
Dungeon (1/15) Zot: 549

Altars:


Innate Abilities, Weirdness & Mutations

You are a hulking beast.
Your limbs bulge with bestial killing power. (Slay +2)
You passively map a small area around you.
You are easily found by Zot.
You glow in the dark.
You regain HP and MP as you explore.


Message History

Welcome, lunkers the Meteoran Shapeshifter.
Will you be the one to retrieve the magnificent Orb of Zot from the depths?
Press ? for a list of commands and other information.
Found a scroll labelled PEQOUS LAL CEGH.
Found a staircase leading out of the dungeon.
e - a scroll labelled PEQOUS LAL CEGH You open the door.
Found a club.
There is an open door here.
You see here a +0 club.
You open the door.
There is an open door here.
You open the door.
There is an open door here. 2 kobolds and a bat come into view.
The kobold shouts! x2; You hear a shout!
A kobold comes into view. It is wielding a +0 short sword.
There are monsters nearby!
A quokka comes into view.
The bat completely misses you. The kobold closely misses you.
The kobold throws a stone.
The stone hits you.
You barely miss the kobold. The bat closely misses you.
You hit the kobold.
You kill the kobold!
The bat barely misses you. The bat closely misses you.
The bat barely misses you.
The kobold throws a stone.
The stone misses you.
No target in view!
The quokka bites you.
The kobold hits you with a +0 short sword.
You hit the quokka.
The quokka is heavily wounded.
The quokka bites you.
* * * LOW HITPOINT WARNING * * *
The kobold hits you with a +0 club.
* * * LOW HITPOINT WARNING * * *
The kobold hits you with a +0 short sword.
You die...

# # # # # ######
'.'..#################
####.................#
####.###..######hK.#.#
#.....PPP.# #rK~..#
#####P~~P.# #b~~~.# #
#PPP~.~# #~~~P.# #


#.PPP~PP# #~~♣..# # #...P♣~P#* *#.~PP.# ,**#..PP~~~P#**~P≈~ .# ....PP~~P#
~~~P~.# #..J~~♣~PP, * You could see a quokka, a bat and 2 kobolds.

Vanquished Creatures
  A kobold (D:1)
1 creature vanquished.

Notes
Turn   | Place    | Note
-------+----------+-------------------------------------------
     0 | D:1      | lunkers the Meteoran Shapeshifter began the quest for the
                  | Orb.
     0 | D:1      | Reached XP level 1. HP: 16/16 MP: 2/2
    50 | D:1      | Slain by a kobold

Illustrated notes

Levels and vault maps discovered:
D:1:      matt_arrival_los_fun, layout_loops_cross, serial_bayou_lagoon_a,
          chequers_big_river

Action                     || total
---------------------------++-------
  Melee: Unarmed           ||     3
 Armour: Animal skin       ||     6
  Dodge: Dodged            ||     7

Table legend: (Time is in decaauts)
 A = Elapsed time spent in this place.
 B = Non-inter-level travel time spent in this place.
 C = Inter-level travel time spent in this place.
 D = Time resting spent in this place.
 E = Time spent auto-exploring this place.
 F = Levels seen in this place.
 G = Mean time per level.
                   A        B        C        D        E       F      G
               +--------+--------+--------+--------+--------+-----+--------+
         Total |     49 |     49 |      0 |      0 |     38 |   1 |   49.0 |
       Dungeon |     49 |     49 |      0 |      0 |     38 |   1 |   49.0 |
               +--------+--------+--------+--------+--------+-----+--------+

Top non-repeatable levels by time:
     D:1: 49 daAuts
